Map: Romanticide LE

Players

MaxPax

  • Race: Protoss Protoss
  • League: Grandmaster
  • Spawn Location: 5:00

AqueroN - Winner!

  • Race: Terran Terran
  • League: Grandmaster
  • Spawn Location: 11:00

Event: DreamHack SC2 Masters 2020 Winter

VOD

Have the link to the VOD?

Description

Time

  • Played on: Oct. 29, 2020, 1:10 p.m.
  • Length: 12:34

All games in this series

Show
View Real Time Build Order
Export as new Build Order

MaxPax Protoss 

Build Orders: 1 Gate Expand, Oracle Opening 

Get SALT Encoding   

  12  0:00  Probe  
  13  0:12  Probe  
  14  0:22  Pylon  
  14  0:24  Probe  
  15  0:40  Probe  
  15  0:41  Assimilator, Pylon  
  16  0:52  Probe  
  17  0:59  Gateway  
  17  1:04  Probe  
  18  1:16  Probe  
  19  1:28  Probe  
  20  1:44  Nexus  
  20  1:47  Zealot (Chrono Boost)  
  20  1:48  Cybernetics Core  
  20  1:51  Probe  
  23  2:02  Assimilator  
  23  2:03  Probe  
  23  2:06  Zealot (Chrono Boost)  
  25  2:16  Probe  
  26  2:28  Warp Gate, Probe  
  29  2:32  Stalker (Chrono Boost)  
  29  2:40  Probe  
  29  2:42  Shield Battery  
  29  2:48  Stalker  
  31  2:56  Probe  
  31  2:58  Probe  
  33  3:08  Stargate, Probe  
  33  3:17  Probe  
  33  3:18  Stalker  
  36  3:21  Probe  
  37  3:29  Probe  
  37  3:33  Probe  
  37  3:41  Probe  
  37  3:46  Probe  
  39  3:48  Stalker  
  39  3:53  Oracle (Chrono Boost)  
  44  3:55  Probe  
  44  3:59  Probe  
  46  4:12  Pylon  
  46  4:20  Gateway  
  46  4:21  Probe x2  
  42  4:33  Probe x2  
  44  4:43  Stalker  
  44  4:45  Shield Battery  
  44  4:46  Probe x2  
  44  4:47  Phoenix (Chrono Boost)  
  44  4:50  Gateway  
  46  4:58  Probe  
  46  4:59  Probe  
  48  5:04  Twilight Council  
  48  5:12  Pylon  
  48  5:14  Gateway  
  48  5:15  Pylon  
  48  5:29  Phoenix (Chrono Boost)  
  48  5:30  Zealot, Probe x2  
  48  5:34  Charge (Chrono Boost)  
  54  5:39  Gateway  
  54  5:42  Probe x2  
  56  5:45  Phoenix (Chrono Boost)  
  56  5:49  Zealot  
  56  6:04  Zealot  
  56  6:09  Phoenix  
  56  6:10  Stalker  
  55  6:17  Stalker  
  55  6:18  Probe  
  51  6:19  Probe  
  49  6:30  Probe  
  49  6:31  Probe  
  49  6:32  Stalker  
  47  6:34  Stalker  
  49  6:42  Probe  
  49  6:43  Probe  
  50  6:48  Nexus  
  50  6:49  Zealot  
  52  6:54  Phoenix (Chrono Boost)  
  52  6:58  Zealot  
  52  7:00  Zealot  
  58  7:04  Zealot  
  58  7:07  Probe  
  58  7:08  Probe  
  62  7:10  Pylon  
  62  7:18  Pylon  
  62  7:33  Zealot x4  
  62  7:34  Probe x2  
  70  7:38  Phoenix  
  68  7:46  Probe  
  66  7:55  Zealot x3  
  71  8:00  Zealot  
  71  8:01  Probe x3  
  71  8:03  Phoenix  
  78  8:07  Pylon  
  78  8:13  Probe x2  
  78  8:14  Probe  
  72  8:27  Forge  
  72  8:28  Forge, Phoenix  
  72  8:34  Gateway  
  73  8:36  Gateway, Zealot, Sentry  
  73  8:40  Zealot  
  79  8:43  Zealot  
  81  8:50  Assimilator  
  81  8:51  Pylon  
  81  8:53  Gateway  
  81  8:56  Phoenix  
  83  9:09  Protoss Ground Weapons Level 1 (Chrono Boost), Probe  
  69  9:10  Probe  
  69  9:11  Protoss Ground Armor Level 1 (Chrono Boost)  
  69  9:13  Assimilator  
  69  9:18  Gateway  
  69  9:22  Zealot x4  
  69  9:23  Pylon  
  77  9:29  Pylon, Zealot  
  79  9:32  Zealot  
  81  9:40  Templar Archives  
  81  9:44  Probe  
  72  9:48  Zealot x3  
  72  9:52  Zealot  
  78  9:54  Probe  
  78  9:58  Zealot  
  78  9:59  Probe x2  
  71  10:07  Probe  
  71  10:11  Probe (Chrono Boost)  
  71  10:13  Zealot x2  
  74  10:15  Zealot  
  74  10:18  High Templar  
  74  10:19  High Templar  
  80  10:23  Archon  
  80  10:25  Probe (Chrono Boost)  
  80  10:26  Probe (Chrono Boost)  
  80  10:27  High Templar  
  80  10:28  High Templar, Probe (Chrono Boost)  
  86  10:31  Probe (Chrono Boost)  
  86  10:32  Archon  
  86  10:33  Probe (Chrono Boost)  
  86  10:34  Probe (Chrono Boost)  
  87  10:42  Assimilator, Robotics Facility  
  88  10:44  Assimilator  
  88  10:46  Probe (Chrono Boost)  
  88  10:49  Zealot, Probe (Chrono Boost)  
  92  10:52  Probe (Chrono Boost)  
  92  10:55  Zealot  
  92  10:56  Zealot  
  97  10:57  Probe (Chrono Boost)  
  97  11:05  Probe  
  97  11:09  High Templar x2  
  97  11:10  Zealot x3  
  107  11:14  Archon, Pylon  
  107  11:15  Zealot  
  109  11:24  Zealot  
  111  11:30  Robotics Bay  
  111  11:37  Zealot x4  
  111  11:38  Observer (Chrono Boost)  
  120  11:52  Nexus  
  120  12:01  Zealot x3  
  125  12:04  Pylon  
  125  12:05  Pylon  
  121  12:14  Zealot x5  
  97  12:21  Zealot x3  
Show
View Real Time Build Order
Export as new Build Order

AqueroN Terran - Winner!

Build Orders:  

Get SALT Encoding   

  12  0:00  SCV  
  13  0:12  SCV  
  14  0:17  Supply Depot  
  14  0:24  SCV  
  15  0:30  Refinery  
  15  0:38  SCV  
  16  0:44  Barracks  
  16  0:50  SCV  
  17  1:02  SCV  
  18  1:15  SCV  
  18  1:16  Engineering Bay  
  20  1:33  Marine, Orbital Command  
  20  1:40  Factory  
  20  1:47  Supply Depot  
  20  1:51  Reaper  
  20  2:03  SCV  
  21  2:10  Bunker  
  21  2:15  SCV  
  22  2:19  Refinery  
  22  2:23  Reaper  
  22  2:28  Widow Mine  
  25  2:31  SCV  
  26  2:38  Supply Depot  
  26  2:43  SCV  
  27  2:55  SCV  
  27  2:56  Factory Tech Lab  
  27  2:57  Marine  
  29  3:01  Supply Depot  
  29  3:09  SCV  
  30  3:15  Cyclone, Mag-Field Accelerator  
  33  3:35  SCV  
  34  3:44  Command Center  
  34  3:47  SCV  
  35  3:48  Cyclone  
  35  3:51  Marine  
  39  3:59  SCV  
  39  4:17  Barracks Reactor  
  39  4:20  Cyclone  
  39  4:33  SCV  
  39  4:45  Starport, SCV  
  40  4:51  Command Center  
  40  4:54  Cyclone  
  40  4:55  Marine x2  
  40  4:58  SCV  
  46  5:10  SCV  
  46  5:12  Engineering Bay  
  46  5:13  Marine x2  
  49  5:21  Orbital Command  
  49  5:32  Siege Tank  
  49  5:33  SCV  
  49  5:34  Marine  
  54  5:36  Marine  
  55  5:43  Missile Turret  
  55  5:45  SCV  
  55  5:48  Missile Turret  
  56  5:50  SCV  
  56  5:52  Marine  
  58  6:02  Marine  
  56  6:11  Marine  
  56  6:16  SCV  
  55  6:25  Marine  
  50  6:29  Marine  
  50  6:32  Cyclone  
  54  6:34  SCV  
  54  6:39  Orbital Command  
  54  6:40  Barracks  
  54  6:41  Barracks, Starport Reactor  
  54  6:42  Barracks  
  54  6:44  Barracks  
  54  6:45  Marine  
  54  6:46  SCV x2  
  50  6:47  Marine  
  50  6:50  Terran Infantry Weapons Level 1  
  50  6:58  SCV x2  
  52  7:04  Siege Tank  
  52  7:08  SCV  
  53  7:09  Marine x2  
  53  7:10  SCV  
  53  7:11  Missile Turret  
  56  7:17  SCV  
  56  7:19  Viking  
  56  7:20  SCV  
  56  7:21  Viking  
  56  7:22  SCV  
  63  7:27  Marine x2  
  63  7:33  Marine x3  
  63  7:35  Barracks Tech Lab  
  63  7:49  Marine x2  
  63  7:51  Marine x2  
  58  7:52  Medivac  
  58  7:54  Siege Tank  
  58  7:55  Stimpack  
  58  7:56  Marine x2  
  66  7:59  SCV x2  
  66  8:00  SCV  
  69  8:07  Marine x2  
  69  8:09  Marine x2, Supply Depot  
  72  8:14  Marine x2  
  73  8:23  SCV  
  73  8:24  SCV, Medivac  
  73  8:25  Marine x2  
  74  8:27  Orbital Command  
  74  8:30  Supply Depot  
  74  8:31  Supply Depot, Siege Tank  
  74  8:32  Marine  
  81  8:38  Marine x2  
  81  8:39  SCV x2  
  81  8:40  Refinery  
  81  8:41  Refinery  
  83  8:42  Marine x2  
  83  8:47  Supply Depot, Barracks Reactor  
  84  8:49  Marine  
  84  8:50  Supply Depot  
  84  8:51  Bunker  
  84  8:52  SCV x2  
  84  8:55  SCV  
  88  9:00  Marine x2  
  88  9:01  Marine x2  
  92  9:04  SCV x2  
  92  9:09  SCV  
  93  9:11  Marine  
  93  9:14  Siege Tank  
  93  9:16  SCV x2, Missile Turret  
  99  9:18  Marine x2  
  99  9:19  Marine  
  99  9:20  Supply Depot  
  99  9:21  SCV  
  99  9:23  Marine x3  
  106  9:26  Missile Turret  
  106  9:28  Terran Infantry Armor Level 1  
  106  9:29  Marine, SCV  
  108  9:35  Combat Shield  
  108  9:36  Marine x2  
  108  9:38  SCV x2, Medivac  
  112  9:40  Marine  
  112  9:44  Medivac  
  115  9:49  Marine x2  
  108  10:02  Marine x3  
  108  10:04  Barracks Reactor x2  
  108  10:06  Marine  
  110  10:07  SCV  
  110  10:08  Medivac  
  110  10:10  SCV x2  
  110  10:13  Refinery  
  106  10:14  Command Center  
  106  10:17  Marine  
  106  10:19  SCV, Marine  
  106  10:20  Medivac, Barracks  
  111  10:21  Barracks  
  111  10:24  Marine x3  
  111  10:28  Siege Tank  
  117  10:35  Marine  
  117  10:37  Marine  
  117  10:39  Medivac  
  117  10:42  Marine x3  
  123  10:43  SCV x2  
  123  10:46  Supply Depot  
  123  10:47  Supply Depot  
  123  10:48  Supply Depot  
  125  10:53  Bunker  
  125  10:54  Supply Depot, SCV  
  125  10:55  Supply Depot  
  125  11:01  Marine  
  125  11:02  Marine  
  125  11:03  Marine  
  125  11:04  Marine  
  125  11:07  Marine x2  
  125  11:08  Supply Depot x2  
  127  11:12  Siege Tank  
  127  11:13  Refinery  
  127  11:15  Marine  
  127  11:18  Medivac x2, Marine x2  
  135  11:19  Barracks Tech Lab, Marine  
  135  11:20  Barracks Tech Lab  
  135  11:21  SCV x2  
  135  11:22  SCV  
  135  11:25  Marine x2  
  141  11:28  Marine  
  141  11:29  Marine x2  
  145  11:33  Marine  
  145  11:36  Marine x2  
  145  11:37  Marine  
  146  11:41  SCV x3  
  146  11:43  Marine x3  
  152  11:48  Siege Tank  
  155  11:57  Marine x5  
  155  11:58  Marine x2  
  162  12:02  Marine  
  162  12:03  Marine x2  
  163  12:14  Marine  
Tags
 
Add a new tag
Caveats
  • Supply blocks, unpowered buildings, or Contaminate may cause inaccurate times.
  • Supply counts are checked every 10 seconds.